 Dungeon Crawl Stone Soup version 0.20.1-1-g8b1a95d (webtiles) character file.

41526 sprush the Summoner (level 14, 0/106 HPs)
             Began as a Barachi Summoner on Oct 31, 2017.
             Was an Elder of Sif Muna.
             Shot with a sling bullet by a faun (20 damage)
             ... led by a satyr
             ... on level 4 of the Shoals on Nov 2, 2017.
             The game lasted 05:33:06 (28217 turns).

sprush the Summoner (Barachi Summoner)             Turns: 28217, Time: 05:33:07

Health: 0/106      AC:  8    Str: 14    XL:     14   Next: 15%
Magic:  3/30       EV: 16    Int: 28    God:    Sif Muna [****..]
Gold:   1131       SH:  8    Dex: 12    Spells: 6/38 levels left

rFire    + + +     SeeInvis +   S - +6 war axe of Inicyam {holy, rPois MR+ Str+4}
rCold    + . .     Gourm    .   V - +0 buckler
rNeg     . . .     Faith    .   I - +1 robe of Fun {rElec rF++}
rPois    +         Spirit   .   (no helmet)
rElec    +         Reflect  +   N - +0 cloak {rPois}
rCorr    .         Harm     .   Z - +0 pair of gloves
MR       ++...                  m - +0 pair of boots
Stlth    ++........             E - +3 amulet of reflection
Regen    0.3/turn               v - +4 ring of intelligence
MPRegen  0.3/turn               T - ring of Sosemol {*Drain rF+ rC+ Int+5 SInv}

@: can't hop, divine energy, slow
A: +LOS, swims, see invisible, dopey 1, slowness 1, no potion heal 1, subdued
magic 1, strong legs 2
a: Hop, Stop Divine Energy, Channel Magic, Forget Spell, Renounce Religion


You were on level 4 of the Shoals.
You worshipped Sif Muna.
Sif Muna was greatly pleased with you.
You were not hungry.

You visited 3 branches of the dungeon, and saw 17 of its levels.

You collected 1131 gold pieces.

Inventory:

Hand Weapons
 Q - a +1 war axe of venom
 S - the +6 war axe of Inicyam (weapon) {holy, rPois MR+ Str+4}
   (You found it on level 6 of the Dungeon)

   It has been blessed by the Shining One to cause great damage to the undead
   and demons.
   It affects your strength (+4).
   It protects you from poison.
   It affects your resistance to hostile enchantments.
Missiles
 i - 63 poisoned needles
 o - 243 sling bullets
 F - 5 throwing nets (quivered)
 G - 2 needles of confusion
Armour
 m - a +0 pair of boots (worn)
 A - a +1 leather armour of cold resistance
 I - the +1 robe of Fun (worn) {rElec rF++}
   (You took it off a merfolk on level 3 of the Shoals)

   It greatly protects you from fire.
   It insulates you from electricity.
 N - a +0 cloak of poison resistance (worn)
 R - the cursed +1 ring mail of Wexteuxt {rN+, unknown}
   (You found it on level 1 of the Shoals)

   It protects you from negative energy.
   It has a curse placed upon it.
 V - a +0 buckler (worn)
 Y - a +0 scale mail of poison resistance
 Z - a +0 pair of gloves (worn)
Magical Staves
 x - an uncursed staff of power
Jewellery
 k - an uncursed ring of flight
 q - an uncursed amulet of faith
 s - an uncursed ring of teleportation
 t - an uncursed amulet of the gourmand
 v - a +4 ring of intelligence (left hand)
 E - a +3 amulet of reflection (around neck)
 J - an uncursed ring of stealth
 T - the ring of Sosemol (right hand) {*Drain rF+ rC+ Int+5 SInv}
   (You found it on level 6 of the Dungeon)

   [ring of protection from fire]

   It affects your intelligence (+5).
   It protects you from fire.
   It protects you from cold.
   It lets you see invisible.
   It causes draining when unequipped.
Wands
 a - a wand of acid (7/15)
 e - a wand of iceblast (0/15)
 g - a wand of flame (42/48)
 p - a wand of random effects (29/48)
 r - a wand of acid (9/15)
 y - a wand of flame (0/48)
Scrolls
 d - 3 scrolls of teleportation
 j - 3 scrolls of remove curse
 n - a scroll of amnesia
 w - 2 scrolls of recharging
 z - a scroll of torment {unknown}
 C - 4 scrolls of identify
 D - 2 scrolls of immolation {unknown}
 H - 2 scrolls of blinking {unknown}
 L - 4 scrolls of magic mapping
 O - 4 scrolls of enchant armour
 P - 4 scrolls of enchant weapon
 X - 2 scrolls of fog {unknown}
Potions
 c - 3 potions of might
 f - a potion of haste
 l - 11 potions of curing
 B - 2 potions of flight
 K - a potion of lignification
Books
 b - a book of Enchantments

   Spells                             Type                      Level
   a - Cause Fear                     Hexes                        4
   b - Yara's Violent Unravelling     Hexes/Transmutation          5
   c - Silence                        Hexes/Air                    5
   d - Deflect Missiles               Charms/Air                   6
   e - Discord                        Hexes                        8
 M - Dehifuis's Compendium of Feathery Snow
   (Sif Muna gifted it to you on level 3 of the Shoals)

   Spells                             Type                      Level
   a - Swiftness                      Charms/Air                   2
   b - Throw Frost                    Conjuration/Ice              2
   c - Airstrike                      Air                          4
   d - Ice Form                       Ice/Transmutation            4
   e - Summon Lightning Spire         Summoning/Air                4
   f - Ozocubu's Refrigeration        Ice                          6
 W - a book of Clouds

   Spells                             Type                      Level
   a - Poisonous Vapours              Poison/Air                   2
   b - Mephitic Cloud                 Conjuration/Poison/Air       3
   c - Conjure Flame                  Conjuration/Fire             3
   d - Freezing Cloud                 Conjuration/Ice/Air          6
   e - Ring of Flames                 Charms/Fire                  7
Comestibles
 h - 24 fruits
 u - 20 royal jellies
 U - a bread ration


   Skills:
 * Level 8.4 Fighting
 - Level 5.0 Axes
 * Level 9.0 Armour
 * Level 8.3 Dodging
 - Level 2.3 Stealth
 * Level 6.9 Shields
 * Level 12.7 Spellcasting
 + Level 0.9 Hexes
 * Level 14.3 Summonings
 * Level 7.8 Ice Magic
 + Level 5.3 Air Magic


You had 6 spell levels left.
You knew the following spells:

 Your Spells              Type           Power        Failure   Level  Hunger
a - Summon Small Mammal   Summ           ####         0%          1    None
b - Call Canine Familiar  Summ           ######..     0%          3    None
c - Summon Lightning Spi  Summ/Air       ######..     1%          4    None
d - Summon Ice Beast      Ice/Summ       ######..     1%          4    None
e - Gell's Gravitas       Tloc           ##........   7%          3    None
f - Summon Guardian Gole  Hex/Summ       #####...     1%          3    None
g - Confuse               Hex            ###.....     4%          3    None
h - Metabolic Englaciati  Hex/Ice        ####......   12%         5    ##.....
i - Ozocubu's Refrigerat  Ice            #####.....   16%         6    ####...


Dungeon Overview and Level Annotations

Branches:
Dungeon (10/15)            Temple (0/1) D:5            Lair (3/6) D:9
 Shoals (4/4) Lair:3
  Snake: Lair:2-4    Spider: Lair:2-4       Orc: D:9-12

Altars:
Dithmenos
Hepliaklqana
Qazlal
Ru
Sif Muna
Vehumet
Xom
Yredelemnul
The Shining One

Shops:
D:9 *


Innate Abilities, Weirdness & Mutations

Shadows flee at your approach. (+LOS)
You can swim through water.
You cover ground slowly.
You can hop longer distances.
You have supernaturally acute eyesight. (SInv)
You are dopey. (Int -2)
Potions are less effective at restoring your health.
Your spells are a little easier to cast, but a little less powerful.


Message History

* * * LOW HITPOINT WARNING * * *
The sling bullet burns you.
* * * LOW HITPOINT WARNING * * *
The faun shoots a sling bullet.
You reflect the sling bullet off an invisible shield around you!
The sling bullet barely misses the satyr.
The sling bullet hits the faun!
You see here 2 sling bullets.
Hop to where?
Press: ? - help, Dir - move target cursor Floosh!
Boing!
The faun casts a spell at you. You resist with almost no effort.
The faun shoots a sling bullet.
The sling bullet hits you.
* * * LOW HITPOINT WARNING * * *
You hear a splash.
Your system partially rejects the healing.
You feel better.
The faun shoots a sling bullet.
The sling bullet hits you!!
You die...

#.≈≈≈≈≈≈≈≈≈≈≈≈≈≈≈≈≈≈≈≈
#..≈≈≈≈≈≈≈≈≈≈≈≈≈≈≈≈≈≈≈
#..≈≈≈≈≈≈≈≈≈≈≈≈≈≈≈≈≈≈≈
##.≈≈≈≈≈≈≈≈≈≈≈≈≈≈≈≈≈≈# #P#
####..≈≈≈≈≈≈≈≈≈≈≈≈≈≈≈≈≈≈#PPP..
.......≈≈≈≈≈≈≈≈P≈≈≈≈≈≈≈≈#.....
....≈≈≈≈≈≈≈≈≈≈≈≈≈≈≈≈≈≈≈.... .
#≈m≈≈≈≈≈≈≈≈≈≈≈≈≈≈≈P≈...)..
#.≈<≈≈≈≈≈≈.@≈≈≈≈≈≈≈PP.....
#....≈≈≈≈≈.≈≈≈≈≈≈(≈≈#.....
.........PP≈≈≈≈≈≈≈≈≈≈≈≈#...PP
......?###PP.P.≈≈≈≈≈<.≈≈P≈.##P#
..≈≈≈...##PP≈.P....)§.≈≈c≈≈P.P#
..≈≈.....PPP≈≈≈≈..(.(.≈≈..≈≈.#
...≈≈≈ ≈≈PPP≈≈P≈≈##÷<≈≈§§.≈≈.#
...≈≈≈ ≈≈P≈.P≈≈≈.###.(§§§.≈≈.#
....≈≈ ≈≈≈≈≈≈≈≈≈.....cccc..≈.#


You could see a satyr and 4 fauns.

Vanquished Creatures
  2 sea snakes (Shoals:3)
  3 harpies
  4 elephants (Lair:3)
  A merfolk (Shoals:2)
  A water elemental (Shoals:2)
  A wyvern (Lair:3)
  Menkaure (D:6)
  2 water moccasins
  2 porcupines
  A slave (D:3)
  A wolf (Lair:1)
  A killer bee (D:9)
  2 hounds
  2 orc wizards (D:3)
  5 worker ants
  A hound zombie (D:8)
  2 adders
  An ooze (D:6)
  A leopard gecko (D:9)
  3 orcs
  A giant cockroach (D:7)
  3 goblins
  2 hobgoblins
  2 jackals
  5 kobolds
  2 ball pythons (D:8)
  5 bats
  2 frilled lizards
  2 rats (D:2)
  A fungus (Lair:1)
  2 plants (Lair:3)
64 creatures vanquished.

Vanquished Creatures (collateral kills)
  Jorgrun (Shoals:3)
  2 krakens (Shoals:2)
  A merfolk javelineer (Shoals:3)
  7 merfolk impalers
  Erolcha (D:9)
  A merfolk avatar (Shoals:2)
  A hydra (Lair:2)
  6 merfolk aquamancers
  The ghost of Fingolfin the Fighter, a novice FoFi of Okawaru (D:9)
  13 sea snakes
  Pikel (D:3)
  6 harpies
  An ugly thing (D:8)
  6 manticores
  9 fauns
  4 oklob plants (Lair:3)
  A cyclops (Shoals:1)
  8 merfolk sirens
  6 elephants (Lair:3)
  A black mamba (Lair:3)
  3 water nymphs
  A gargoyle (D:10)
  6 spiny frogs
  A rime drake (Lair:1)
  3 komodo dragons
  A queen bee (D:9)
  32 merfolk
  7 wind drakes
  2 hornets (D:9)
  6 snapping turtles
  10 hippogriffs
  3 dream sheep (Shoals:1)
  4 blink frogs (Lair:2)
  10 water elementals
  Sigmund (D:4)
  2 basilisks
  2 wyverns
  15 yaks
  Grum (D:9)
  A steam dragon (D:8)
  Edmund (D:5)
  7 porcupines
  3 water moccasins
  2 hell hounds (D:9)
  An ice beast (D:8)
  A slave (D:4)
  An ogre (D:6)
  A phantom (D:8)
  A necrophage (D:5)
  16 wolves
  8 crocodiles
  4 centaurs
  2 big kobolds
  10 bullfrogs
  4 scorpions
  A wyvern skeleton (D:8)
  35 killer bees
  The ghost of Jazqa the Cudgeler, a weakling DsGl of Cheibriados (D:3)
  3 electric eels (Lair:1)
  3 howler monkeys (D:8)
  4 crimson imps
  3 bullfrog zombies
  2 hounds (D:4)
  Crazy Yiuf (D:5)
  3 orc priests
  A centaur skeleton (D:9)
  A jelly (D:5)
  8 orc wizards
  Ijyb (D:4)
  3 iguanas
  2 worker ants
  3 gnolls (D:3)
  6 adders
  A shadow imp (D:9)
  2 oozes
  3 adder skeletons
  6 worms
  6 dart slugs
  3 leopard geckos
  18 orcs
  6 bats
  3 giant cockroaches
  7 hobgoblins
  17 jackals
  4 quokkas
  6 frilled lizards
  9 goblins
  A jackal skeleton (D:4)
  21 kobolds
  A leopard gecko skeleton (D:4)
  5 rats
  17 plants
  17 tentacles (Shoals:2)
484 creatures vanquished.

Vanquished Creatures (others)
  2 krakens (Shoals:2)
  A faun (Shoals:3)
  A merfolk (Shoals:2)
  A snapping turtle (Shoals:2)
  A water elemental (Shoals:1)
  A slave (D:4)
  An orc priest (D:4)
  A hound (D:4)
  An orc wizard (D:4)
  5 fungi (Lair:3)
  12 plants
  130 tentacles (Shoals:2)
157 creatures vanquished.

Grand Total: 705 creatures vanquished

Notes
Turn   | Place    | Note
-------+----------+-------------------------------------------
     0 | D:1      | sprush the Barachi Summoner began the quest for the Orb.
     0 | D:1      | Reached XP level 1. HP: 13/13 MP: 3/3
    46 | D:1      | Reached skill level 5 in Summonings
   429 | D:1      | Reached XP level 2. HP: 17/19 MP: 1/5
  1431 | D:2      | Reached XP level 3. HP: 24/24 MP: 2/6
  2322 | D:3      | Learned a level 3 spell: Call Canine Familiar
  2531 | D:3      | Noticed Jazqa's ghost (weakling DsGl)
  2535 | D:3      | Reached XP level 4. HP: 31/31 MP: 4/8
  2701 | D:3      | Reached skill level 6 in Summonings
  2711 | D:3      | Killed Jazqa's ghost
  3046 | D:3      | Found a glowing golden altar of the Shining One.
  3071 | D:3      | Became a worshipper of the Shining One
  3370 | D:3      | Reached XP level 5. HP: 25/36 MP: 5/10
  3611 | D:4      | Noticed Pikel
  3618 | D:4      | Noticed a slave
  3619 | D:4      | Noticed a slave
  3620 | D:4      | Noticed a slave
  3620 | D:4      | Noticed a slave
  3622 | D:4      | Reached skill level 1 in Fighting
  3658 | D:4      | Noticed Sigmund
  3765 | D:4      | Reached * piety under the Shining One
  4187 | D:4      | Found a sacrificial altar of Ru.
  4188 | D:4      | Found a hazy altar of Hepliaklqana.
  4188 | D:4      | Found a deep blue altar of Sif Muna.
  4237 | D:3      | Killed a slave
  4540 | D:3      | Reached XP level 6. HP: 28/43 MP: 4/11
  4699 | D:4      | Killed a slave
  4998 | D:3      | Killed Pikel
  4998 | D:3      | Reached skill level 1 in Armour
  4998 | D:3      | Reached skill level 7 in Summonings
  4998 | D:3      | Reached XP level 7. HP: 25/50 MP: 5/14
  5203 | D:4      | Killed Sigmund
  5411 | D:4      | Noticed Ijyb
  5440 | D:4      | Killed Ijyb
  5792 | D:4      | Reached skill level 5 in Spellcasting
  5881 | D:4      | Fell from the grace of the Shining One
  5881 | D:4      | Became a worshipper of Sif Muna the Loreminder
  6019 | D:5      | Entered Level 5 of the Dungeon
  6118 | D:5      | Learned a level 4 spell: Summon Lightning Spire
  6123 | D:5      | Learned a level 4 spell: Summon Ice Beast
  6154 | D:5      | Noticed Edmund
  6161 | D:5      | Killed Edmund
  6767 | D:5      | Found a staircase to the Ecumenical Temple.
  7110 | D:5      | Found a basalt altar of Yredelemnul.
  7121 | D:5      | Found a runed door.
  7122 | D:5      | Got a steaming mace
  7128 | D:5      | Noticed Crazy Yiuf
  7139 | D:5      | Killed Crazy Yiuf
  7262 | D:5      | Reached skill level 8 in Summonings
  7507 | D:6      | Reached XP level 8. HP: 57/57 MP: 4/16
  7592 | D:6      | Found a radiant altar of Vehumet.
  7680 | D:6      | Got a brightly glowing war axe
  7793 | D:6      | Got a shimmering bone ring
  7797 | D:6      | Identified the ring of Sosemol {*Drain rF+ rC+ Int+5 SInv} (You found it on level 6 of the Dungeon)
  7867 | D:6      | Identified the +6 war axe of Inicyam {holy, rPois MR+ Str+4} (You found it on level 6 of the Dungeon)
  7897 | D:6      | Noticed Menkaure
  7900 | D:6      | Killed Menkaure
  7900 | D:6      | Reached skill level 1 in Air Magic
  8343 | D:7      | Reached * piety under Sif Muna
  8677 | D:7      | Found a shimmering altar of Xom.
  8748 | D:7      | Reached skill level 1 in Shields
  8748 | D:7      | Reached skill level 9 in Summonings
  9421 | D:8      | Noticed a brown ugly thing
  9434 | D:8      | Killed a brown ugly thing
  9434 | D:8      | Reached ** piety under Sif Muna
  9434 | D:8      | Reached skill level 1 in Axes
  9434 | D:8      | Reached XP level 9. HP: 64/64 MP: 5/19
  9526 | D:8      | Gained mutation: Scrolls take you a little longer to read. [mutagenic meat]
  9574 | D:8      | Gained mutation: Your mind is acute. (Int +2) [mutagenic meat]
  9811 | D:8      | Found a stormy altar of Qazlal.
 10555 | D:9      | Reached skill level 10 in Summonings
 10653 | D:9      | Noticed a hornet
 10678 | D:9      | Killed a hornet
 10745 | D:9      | Noticed a hornet
 10750 | D:9      | Killed a hornet
 10850 | D:9      | Noticed Grum
 10869 | D:9      | Killed Grum
 10959 | D:9      | Reached XP level 10. HP: 72/72 MP: 13/21
 11018 | D:9      | Noticed Fingolfin's ghost (novice FoFi)
 11033 | D:9      | Killed Fingolfin's ghost
 11033 | D:9      | Reached skill level 1 in Ice Magic
 11082 | D:9      | Found a staircase to the Lair.
 11092 | D:9      | Noticed Erolcha
 11105 | D:9      | Killed Erolcha
 11105 | D:9      | Reached *** piety under Sif Muna
 11221 | D:9      | Found a shadowy altar of Dithmenos.
 11250 | D:9      | Found Deruggutz's General Store.
 11732 | D:9      | Reached skill level 5 in Dodging
 12016 | D:10     | Entered Level 10 of the Dungeon
 12217 | D:10     | Noticed a gargoyle
 12227 | D:10     | Killed a gargoyle
 12399 | Lair:1   | Entered Level 1 of the Lair of Beasts
 12431 | Lair:1   | Reached skill level 11 in Summonings
 12594 | Lair:1   | Reached skill level 5 in Fighting
 12594 | Lair:1   | Reached skill level 5 in Armour
 12595 | Lair:1   | Reached **** piety under Sif Muna
 12748 | Lair:1   | Reached XP level 11. HP: 60/79 MP: 10/24
 13354 | Lair:1   | Learned a level 3 spell: Gell's Gravitas
 14854 | Lair:2   | Learned a level 3 spell: Summon Guardian Golem
 14859 | Lair:2   | Learned a level 3 spell: Confuse
 14865 | Lair:2   | Learned a level 5 spell: Metabolic Englaciation
 15785 | Lair:2   | Noticed a six-headed hydra
 15793 | Lair:2   | Killed a six-headed hydra
 16357 | Lair:3   | Found a staircase to the Shoals.
 16458 | Lair:3   | Reached skill level 12 in Summonings
 16760 | Lair:3   | Reached skill level 5 in Axes
 16808 | Lair:3   | Noticed an oklob plant
 16808 | Lair:3   | Noticed an oklob plant
 16951 | Lair:3   | Killed an oklob plant
 16958 | Lair:3   | Killed an oklob plant
 17024 | Lair:3   | Noticed an oklob plant
 17050 | Lair:3   | Killed an oklob plant
 17050 | Lair:3   | Reached skill level 10 in Spellcasting
 17229 | Lair:3   | Noticed an oklob plant
 17281 | Lair:3   | Killed an oklob plant
 17294 | Lair:3   | Got a crystal long sword
 17447 | Lair:3   | Reached ***** piety under Sif Muna
 17470 | Lair:3   | Reached XP level 12. HP: 75/88 MP: 12/26
 18155 | Shoals:1 | Entered Level 1 of the Shoals
 18209 | Shoals:1 | Reached skill level 5 in Ice Magic
 18236 | Shoals:1 | Got a pitted ring mail
 18248 | Shoals:1 | Received a gift from Sif Muna
 18469 | Shoals:1 | Noticed a merfolk impaler
 18491 | Shoals:1 | Killed a merfolk impaler
 18491 | Shoals:1 | Reached skill level 5 in Shields
 18660 | Shoals:1 | Noticed a merfolk aquamancer
 18685 | Shoals:1 | Killed a merfolk aquamancer
 19259 | Shoals:1 | Noticed a merfolk aquamancer
 19288 | Shoals:1 | Noticed a merfolk aquamancer
 19536 | Shoals:1 | Killed a merfolk aquamancer
 19728 | Shoals:1 | Noticed a merfolk impaler
 19748 | Shoals:1 | Killed a merfolk aquamancer
 19823 | Shoals:1 | Killed a merfolk impaler
 20002 | Shoals:2 | Noticed a kraken
 20002 | Shoals:2 | Noticed a kraken
 20002 | Shoals:2 | Noticed a kraken
 20002 | Shoals:2 | Noticed a kraken
 20306 | Shoals:1 | Noticed a merfolk impaler
 20318 | Shoals:1 | Killed a merfolk impaler
 20318 | Shoals:1 | Reached skill level 13 in Summonings
 20647 | Shoals:1 | Noticed a merfolk aquamancer
 20657 | Shoals:1 | Killed a merfolk aquamancer
 20839 | Shoals:2 | Gained mutation: You can hop longer distances. [Barachi growth]
 20839 | Shoals:2 | Reached XP level 13. HP: 81/96 MP: 3/28
 22059 | Shoals:2 | Killed a kraken
 22475 | Shoals:2 | Reached skill level 5 in Air Magic
 23422 | Shoals:2 | Killed a kraken
 23670 | Shoals:2 | Killed a kraken
 23851 | Shoals:2 | Killed a kraken
 24569 | Shoals:3 | Noticed a merfolk impaler
 24576 | Shoals:3 | Noticed a merfolk impaler
 24933 | Shoals:3 | Noticed a merfolk impaler
 24949 | Shoals:3 | Killed a merfolk impaler
 24951 | Shoals:3 | Received a gift from Sif Muna
 25028 | Shoals:3 | Killed a merfolk impaler
 25304 | Shoals:3 | Lost mutation: Scrolls take you a little longer to read. [potion of mutation]
 25304 | Shoals:3 | Lost mutation: Your mind is acute. (Int +2) [potion of mutation]
 25304 | Shoals:3 | Gained mutation: Potions are less effective at restoring your health. [potion of mutation]
 25304 | Shoals:3 | Gained mutation: You are dopey. (Int -2) [potion of mutation]
 25304 | Shoals:3 | Gained mutation: Your spells are a little easier to cast, but a little less powerful. [potion of mutation]
 25304 | Shoals:3 | Gained mutation: You have supernaturally acute eyesight. (SInv) [potion of mutation]
 25410 | Shoals:3 | Killed a merfolk impaler
 25421 | Shoals:3 | Noticed a merfolk javelineer
 25538 | Shoals:3 | Killed a merfolk javelineer
 25744 | Shoals:3 | Identified Dehifuis's Compendium of Feathery Snow (Sif Muna gifted it to you on level 3 of the Shoals)
 25752 | Shoals:3 | Learned a level 6 spell: Ozocubu's Refrigeration
 25992 | Shoals:3 | Noticed Jorgrun
 26006 | Shoals:3 | Killed Jorgrun
 26006 | Shoals:3 | Reached skill level 14 in Summonings
 26158 | Shoals:3 | Noticed a merfolk impaler
 26173 | Shoals:3 | Killed a merfolk impaler
 26704 | Shoals:3 | Reached XP level 14. HP: 106/106 MP: 18/30
 26882 | Shoals:3 | Got a fabulously ornate robe
 26893 | Shoals:3 | Identified the +1 robe of Fun {rElec rF++} (You took it off a merfolk on level 3 of the Shoals)
 27047 | Shoals:4 | Entered Level 4 of the Shoals
 28217 | Shoals:4 | Shot with a sling bullet by a faun

Skill      XL: |  1  2  3  4  5  6  7  8  9 10 11 12 13 14 |
---------------+-------------------------------------------+-----
Summonings     | 5 6 7 8 9 10 11 12 13 14 | 14.3
Spellcasting   | 3 4 5 7 9 10 11 12 | 12.7
Fighting       | 1 2 3 4 5 6 7 8 |  8.4
Armour         | 1 2 3 4 5 6 7 8 9 |  9.0
Stealth        | 2 |  2.3
Dodging        | 3 4 5 6 7 8 |  8.3
Air Magic      | 2 3 4 5 |  5.3
Shields        | 1 2 3 4 5 6 |  6.9
Axes           | 1 3 4 5 |  5.0
Ice Magic      | 2 4 6 7 |  7.8
Hexes          | |  0.9

Action                   |  1- 3 |  4- 6 |  7- 9 | 10-12 | 13-15 || total
-------------------------+-------+-------+-------+-------+-------++-------
Melee: Unarmed           |     6 |       |       |       |       ||     6
       Dagger            |     5 |       |       |       |       ||     5
       Short sword       |    40 |     7 |       |       |       ||    47
       Hunting sling     |       |     4 |       |       |       ||     4
       War axe           |       |       |    40 |   103 |    33 ||   176
       Staff             |       |       |       |     3 |     4 ||     7
 Fire: Hunting sling     |       |    38 |    17 |       |       ||    55
Throw: Stone             |       |       |     6 |     1 |       ||     7
 Cast: Summon Small Mamm |   111 |    55 |    33 |       |       ||   199
       Call Canine Famil |     1 |    29 |    47 |    70 |    62 ||   209
       Summon Lightning  |       |       |    44 |    96 |    99 ||   239
       Summon Ice Beast  |       |       |     7 |    97 |   132 ||   236
       Summon Guardian G |       |       |       |     7 |    43 ||    50
       Metabolic Englaci |       |       |       |     1 |       ||     1
Invok: Divine Energy     |       |       |       |     1 |       ||     1
 Abil: Hop               |     1 |     7 |     3 |    11 |    11 ||    33
Evoke: Wand              |       |       |       |     1 |    14 ||    15
  Use: Scroll            |     2 |     1 |     1 |    12 |     1 ||    17
       Potion            |       |       |     3 |     8 |     7 ||    18
 Stab: Sleeping          |       |       |     2 |     1 |       ||     3
  Eat: Chunk             |     3 |     4 |    14 |    17 |    14 ||    52
       Bread ration      |     1 |     1 |     2 |     1 |     2 ||     7
       Fruit             |       |     1 |     1 |     1 |       ||     3
       Meat ration       |       |       |     1 |     2 |       ||     3
Armor: Robe              |    14 |    13 |    13 |    11 |    11 ||    62
       Leather armour    |       |       |       |     8 |    16 ||    24
Dodge: Dodged            |    44 |    44 |    60 |    85 |   131 ||   364
Block: Other             |       |       |    15 |     7 |       ||    22
       Reflection        |       |       |     2 |     4 |    20 ||    26
       Buckler           |       |       |       |    36 |    98 ||   134
